 Dungeon Crawl Stone Soup version 0.24.0-123-gd5b16e6ec5 (webtiles) character file.

Game seed: 10532063487256228091, levelgen mode: deterministic

887 Martska the Destroyer (level 7, -3/37 HPs)
             Began as a Deep Elf Conjurer on Jan 24, 2020.
             Was an Initiate of Vehumet.
             Slain by Duvessa
             ... wielding a +0 short sword
              (5 damage)
             ... on level 4 of the Dungeon.
             The game lasted 00:28:09 (7588 turns).

Martska the Destroyer (Deep Elf Conjurer)           Turns: 7588, Time: 00:28:10

Health: -3/37      AC:  4    Str:  7    XL:     7   Next: 77%
Magic:  13/13      EV: 12    Int: 20    God:    Vehumet [......]
Gold:   223        SH:  0    Dex: 15    Spells: 9/12 levels left

rFire    + + .     SeeInvis .   (no weapon)
rCold    x . .     Gourm    .   (no shield)
rNeg     . . .     Faith    .   i - +1 leather armour {rF+}
rPois    .         Spirit   .   (no helmet)
rElec    .         Reflect  .   (no cloak)
rCorr    .         Harm     .   (no gloves)
MR       .....                  (no boots)
Stlth    ++........             (no amulet)
HPRegen  0.12/turn              h - ring of fire
MPRegen  0.13/turn              (no ring)

@: flying
A: no striking features
a: Renounce Religion


You were on level 4 of the Dungeon.
You worshipped Vehumet.
Vehumet was noncommittal.
You were not hungry.

You visited 2 branches of the dungeon, and saw 8 of its levels.

You collected 319 gold pieces.
You spent 96 gold pieces at shops.

Inventory:

Armour
 a - a +0 robe
 i - a +1 leather armour of fire resistance (worn)
 q - a +0 leather armour of fire resistance
Jewellery
 h - a ring of fire (left hand)
 n - a +3 ring of intelligence
 r - a +2 ring of evasion
Scrolls
 b - 5 scrolls of remove curse
 f - a scroll of enchant armour
 k - 2 scrolls of immolation
 l - 3 scrolls of amnesia
 m - a scroll of magic mapping
Potions
 e - a potion of ambrosia {unknown}
 o - 2 potions of curing {unknown}
 s - a potion of berserk rage {unknown}
Comestibles
 c - 8 rations


   Skills:
 + Level 0.3 Fighting
 - Level 2.4 Dodging
 - Level 2.4 Stealth
 - Level 3.0 Spellcasting
 * Level 10.5 Conjurations


You had 9 spell levels left.
You knew the following spells:

 Your Spells              Type           Power        Failure   Level  Hunger
a - Magic Dart            Conj           ####         1%          1    None
b - Searing Ray           Conj           #####.       1%          2    ##.....

Your spell library contained the following spells:

 Spells                   Type           Power        Failure   Level  Hunger
 Iskenderun's Mystic Bla  Conj           #####...     2%          4    ####...
 Dazzling Spray           Conj/Hex       ###...       8%          3    ###....
 Force Lance              Conj/Tloc      ###.....     24%         4    ####...
 Fulminant Prism          Conj/Hex       ###.......   24%         4    ####...


Dungeon Overview and Level Annotations

Branches:
Dungeon (7/15)             Temple (1/1) D:4

Altars:
Ashenzari
Cheibriados
Elyvilon
Gozag
Hepliaklqana
Kikubaaqudgha
Makhleb
Nemelex Xobeh
Okawaru
Qazlal
Uskayaw
Vehumet
Wu Jian
The Shining One

Shops:
D:6 *

Annotations:
D:3 Terence
D:4 1 runed translucent door, Crazy Yiuf, Duvessa
D:5 Ijyb, Menkaure


Message History

Duvessa rages.
Duvessa hits you with a +0 short sword!
Duvessa rages.
Duvessa hits you with a +0 short sword! Duvessa closely misses you.
Duvessa hits you with a +0 short sword. Duvessa hits you with a +0 short sword!
* * * LOW HITPOINT WARNING * * *
Duvessa barely misses you.
It was a potion of magic.
Magic courses through your body. Duvessa hits you with a +0 short sword.
* * * LOW HITPOINT WARNING * * *
Duvessa hits you with a +0 short sword.
* * * LOW HITPOINT WARNING * * *
It was a potion of flight.
You feel very buoyant.
You fly up into the air.
Duvessa hits you with a +0 short sword.
* * * LOW HITPOINT WARNING * * *
Duvessa hits you with a +0 short sword.
You die...

#⌠###8###8#.##.....#..#
...................#..#
...................#..####
.........................#
......................####
##........)........##.#
##.#..###.####.##.###.#
##.#..# #.# #.#e.# #.#
##.#..# #.# #.#@.# #.#
##.#..# #.# ###..# #.#
####..###.######..# ### #
#..............######## #
#.....................# #
#..###.###.##...###.### #
#..###.###.##...# #.#
####..........##...# #.#
...................# #.#


You could see Duvessa (berserk).

Vanquished Creatures
  A centaur (D:5)
  Blork the orc (D:4)
  A bullfrog (D:6)
  Dowan (D:4)
  4 orc priests
  A quasit (D:6)
  A bullfrog skeleton (D:4)
  An orc wizard (D:4)
  4 hounds
  A centaur skeleton (D:5)
  A hound skeleton (D:6)
  3 gnolls (D:3)
  12 adders
  3 oozes
  2 adder skeletons
  3 worms
  A dart slug (D:1)
  7 leopard geckos
  15 orcs
  3 ball pythons
  3 giant cockroaches
  11 goblins
  5 hobgoblins
  2 quokkas
  8 bats
  7 frilled lizards
  2 kobolds
  A leopard gecko skeleton (D:5)
  A quokka skeleton (D:6)
  5 rats
111 creatures vanquished.

Notes
Turn   | Place    | Note
-------+----------+-------------------------------------------
     0 | D:1      | Martska the Deep Elf Conjurer began the quest for the Orb.
     0 | D:1      | Reached XP level 1. HP: 10/10 MP: 6/6
   463 | D:1      | Reached XP level 2. HP: 15/15 MP: 2/8
   525 | D:1      | Reached skill level 5 in Conjurations
  1277 | D:2      | Reached XP level 3. HP: 19/19 MP: 3/9
  1566 | D:2      | Found a shattered altar of Ashenzari.
  1654 | D:2      | Reached skill level 6 in Conjurations
  1935 | D:2      | Reached XP level 4. HP: 24/24 MP: 7/10
  1965 | D:2      | Found a burning altar of Makhleb.
  2077 | D:2      | Noticed an air elemental
  2079 | D:2      | Found a stormy altar of Qazlal.
  2082 | D:2      | Noticed an earth elemental
  2082 | D:2      | Noticed a fire elemental
  2082 | D:2      | Noticed a water elemental
  2510 | D:2      | Reached skill level 7 in Conjurations
  2645 | D:3      | Reached XP level 5. HP: 28/28 MP: 9/11
  2988 | D:3      | Noticed Terence
  3294 | D:3      | Noticed a sky beast
  3446 | D:3      | Reached skill level 8 in Conjurations
  3446 | D:3      | Reached XP level 6. HP: 21/32 MP: 4/12
  4390 | D:4      | Noticed Dowan
  4391 | D:4      | Noticed Duvessa
  4400 | D:5      | Entered Level 5 of the Dungeon
  4535 | D:5      | Found a sparkling altar of Nemelex Xobeh.
  4562 | D:5      | Reached skill level 9 in Conjurations
  4749 | D:5      | Identified the +8 great mace "Sissoar" {vamp, rElec rPois}
  4782 | D:5      | Noticed Ijyb
  4792 | D:5      | Noticed Menkaure
  5692 | D:4      | Found a hazy altar of Hepliaklqana.
  5818 | D:4      | Reached XP level 7. HP: 36/36 MP: 8/13
  5926 | D:4      | Found a staircase to the Ecumenical Temple.
  5927 | D:4      | Noticed Blork the orc
  6566 | D:6      | Found Nit Kot's Assorted Antiques.
  6585 | D:6      | Bought a scroll of identify for 48 gold pieces
  6585 | D:6      | Bought a scroll of identify for 48 gold pieces
  6638 | D:6      | Reached skill level 10 in Conjurations
  6684 | D:6      | Learned a level 2 spell: Searing Ray
  7009 | Temple   | Entered the Ecumenical Temple
  7051 | Temple   | Became a worshipper of Vehumet
  7176 | D:4      | Killed Blork the orc
  7386 | D:4      | Found a runed translucent door.
  7387 | D:4      | Noticed Crazy Yiuf
  7443 | D:4      | Killed Dowan
  7588 | D:4      | Slain by Duvessa

Levels and vault maps discovered:
D:1:      dpeg_arrival_lava_temple_mockup, layout_basic
D:2:      minmay_razor_zed, layout_basic, nicolae_qazlal_style_of_elements,
          nicolae_overflow_hidden_temple, makhleb_heckhound_becter
D:3:      layout_rooms, uniq_terence
D:4:      layout_basic, kennysheep_mini, minmay_temple_entry_proselytizer,
          nicolae_ossuary_entry_monument, first_ration, serial_corexii_hall,
          chequers_hall_statues_wall_a, corexii_hall_statues_i, uniq_duvessa,
          uniq_crazy_yiuf_cottage, uniq_blork_the_orc
D:5:      layout_loops_ring, kennysheep_little_box, gammafunk_ghost_smash,
          hangedman_abyss_or_decor_stagger, st_stairs_9, fedhas_ov_isle_minmay,
          uniq_menkaure, uniq_ijyb
D:6:      layout_loops_corners, chequers_temple_overflow_statue_of_worship,
          serial_shops, nicolae_shop_statue_plus
D:7:      layout_basic
Temple:   cyrus_temple_forest

Skill      XL: |  1  2  3  4  5  6  7 |
---------------+----------------------+-----
Conjurations   | 5 6 7 8 9 10 | 10.5
Fighting       | |  0.3
Dodging        | |  2.4
Stealth        | |  2.4
Spellcasting   | |  3.0

Action                   |  1- 3 |  4- 6 |  7- 9 || total
-------------------------+-------+-------+-------++-------
 Cast: Magic Dart        |    64 |   219 |    83 ||   366
       Searing Ray       |       |       |     3 ||     3
  Use: Scroll            |       |     4 |     6 ||    10
       Potion            |       |       |     3 ||     3
  Eat: Ration            |     1 |     4 |     1 ||     6
Armor: Robe              |     1 |       |       ||     1
       Leather armour    |     1 |     9 |    14 ||    24
Dodge: Dodged            |     3 |    29 |    31 ||    63
